 Dungeon Crawl Stone Soup version 0.28.0-45-g0d030f2227 (webtiles) character file.

Game seed: 7526052893686856301

7 jimonade the Chiller (level 2, -3/19 HPs)
             Began as a Gnoll Ice Elementalist on Apr 8, 2022.
             Slain by a gnoll
             ... wielding a +0 flail
              (10 damage)
             ... on level 1 of the Dungeon.
             The game lasted 00:00:42 (228 turns).

jimonade the Chiller (Gnoll Ice Elementalist)        Turns: 228, Time: 00:00:42

Health: -3/19      AC:  2    Str:  7    XL:     2   Next: 0%
Magic:  1/7        EV: 13    Int: 14    God:
Gold:   0          SH:  0    Dex: 12    Spells: 9/10 levels left

rFire   . . .      SeeInvis .   d - +0 dagger
rCold   . . .      Faith    .   (no shield)
rNeg    . . .      Spirit   .   a - +0 robe
rPois   .          Reflect  .   (no helmet)
rElec   .          Harm     .   (no cloak)
rCorr   .          Rampage  .   (no gloves)
Will    .....                   (no boots)
Stlth   ++........              (no amulet)
HPRegen 0.06/turn               (no ring)
MPRegen 0.10/turn               (no ring)

@: no status effects
A: fangs 1, strong nose, distributed training
a: no special abilities


You were on level 1 of the Dungeon.
You visited 1 branch of the dungeon, and saw 1 of its levels.

Inventory:

Hand Weapons
 d - a +0 dagger (weapon)
Armour
 a - a +0 robe (worn)
Jewellery
 b - a ring of flight
Scrolls
 c - a scroll of fog {unknown}


   Skills:
 + Level 0.2 Fighting
 + Level 0.2 Short Blades
 + Level 0.2 Long Blades
 + Level 0.2 Axes
 + Level 0.2 Maces & Flails
 + Level 0.2 Polearms
 + Level 0.2 Staves
 + Level 0.2 Slings
 + Level 0.2 Bows
 + Level 0.2 Crossbows
 + Level 0.2 Throwing
 + Level 0.2 Armour
 + Level 4.4 Dodging
 + Level 4.0 Stealth
 + Level 0.2 Shields
 + Level 0.2 Unarmed Combat
 + Level 4.9 Spellcasting
 + Level 0.1 Conjurations
 + Level 0.1 Hexes
 + Level 0.1 Summonings
 + Level 0.1 Necromancy
 + Level 0.1 Translocations
 + Level 0.1 Transmutations
 + Level 0.1 Fire Magic
 + Level 7.0 Ice Magic
 + Level 0.1 Air Magic
 + Level 0.1 Earth Magic
 + Level 0.1 Poison Magic
 + Level 0.3 Invocations
 + Level 0.2 Evocations


You had 9 spell levels left.
You knew the following spells:

 Your Spells              Type           Power      Damage    Failure   Level
a - Freeze                Ice            92%        1d10      1%          1

Your spell library contained the following spells:

 Spells                   Type           Power      Damage    Failure   Level
 Frozen Ramparts          Ice            46%        1d6       3%          3
 Ozocubu's Armour         Ice            23%        N/A       3%          3
 Hailstorm                Conj/Ice       13%        3d5       36%         4


Dungeon Overview and Level Annotations

Branches:
Dungeon (1/15)

Altars:


Innate Abilities, Weirdness & Mutations

You have very sharp teeth.
Your uncanny sense of smell can sniff out nearby items.
Your experience applies equally to all skills.


Message History

You kill the hobgoblin!
A bat comes into view.
You can't see any susceptible monsters within range! (Use Z to cast anyway.)
A ball python comes into view.
You freeze the kobold.
The kobold is severely wounded.
The gnoll shouts!
You hear a shout!
The bat hits you. The kobold misses you.
A goblin comes into view. It is wielding a +0 club.
A hobgoblin comes into view.
The bat barely misses you.
The hobgoblin moves out of view.
You freeze the bat.
You kill the bat!
The bat misses you.
You freeze the kobold!
You kill the kobold!
The bat hits you but does no damage. The bat barely misses you.
The bat barely misses you.
You freeze the bat.
You kill the bat!
The ball python barely misses you. The ball python grabs you.
The ball python constricts you.
You freeze the ball python.
You kill the ball python!
You have reached level 2!
You freeze the gnoll.
The gnoll is lightly wounded.
The gnoll hits you with a +0 flail!
You completely miss the gnoll.
The gnoll is lightly wounded.
The gnoll hits you with a +0 flail.
There is an open door here.
You hit the gnoll but do no damage.
The gnoll is lightly wounded.
The gnoll hits you with a +0 flail.
You barely miss the gnoll. You punch the gnoll, but do no damage.
The gnoll is lightly wounded.
The gnoll hits you with a +0 flail!
Ouch! That really hurt!
You die...

... . .# ..# .# .### #.. ..
...# ##+## #.###.###
.#.########...## #†......#
.........#.....## #).......
...## #........###†##..#.#
....####.........##.#...#.#
†......+........@gg.......#
.....###.........##.......#
.#.#.# #........######.####
.###.# #.#.....## ...
.###.###.##...## ##.#
.........###+## #
####.##### #.# #.#...###.#
#......##.###


You could see a gnoll and a goblin.

Vanquished Creatures
  2 bats (D:1)
  A hobgoblin (D:1)
  A ball python (D:1)
  3 frilled lizards (D:1)
  A kobold (D:1)
8 creatures vanquished.

Notes
Turn   | Place    | Note
-------+----------+-------------------------------------------
     0 | D:1      | jimonade the Gnoll Ice Elementalist began the quest for the
                  | Orb.
     0 | D:1      | Reached XP level 1. HP: 13/13 MP: 6/6
   222 | D:1      | Reached XP level 2. HP: 18/19 MP: 1/7
   228 | D:1      | Slain by a gnoll

Illustrated notes

Levels and vault maps discovered:
D:1:      moated_graveyard_arrival, layout_loops_corners, serial_bayou_pond_d,
          corexii_leaking_fountain, minmay_surrounded

Action                   || total
-------------------------++-------
Melee: Unarmed           ||     1
       Dagger            ||     3
       Punch             ||     1
 Cast: Freeze            ||     9
 Stab: Sleeping          ||     1
Armor: Robe              ||     1
Dodge: Dodged            ||     6
